 Dungeon Crawl Stone Soup version 0.31-a0-239-g0a1456f148 (webtiles) character file.

Game seed: 5978218025324903389

136 qw the Skirmisher (level 5, -2/31 HPs)
             Began as a Gargoyle Hexslinger on July 11, 2023.
             Slain by Eustachio
             ... wielding a +0 falchion
              (4 damage)
             ... on level 4 of the Dungeon.
             The game lasted 00:00:46 (2370 turns).

qw the Skirmisher (Gargoyle Hexslinger)             Turns: 2370, Time: 00:00:47

Health: -2/31      AC: 10    Str: 11    XL:     5   Next: 19%
Magic:  6/6        EV: 10    Int: 14    God:
Gold:   125        SH:  0    Dex: 14    Spells: 5/6 levels left

rFire   . . .        Y - +1 sling
rCold   . . .        (no shield)
rNeg    + . .        e - +0 ring mail
rPois   inf          (no helmet)
rElec   +            f - +0 cloak
rCorr   .            (no gloves)
SInv    .            (no boots)
Will    .....        (no amulet)
Stlth   +            (no ring)
HPRegen 0.25/turn    (no ring)
MPRegen 0.10/turn

%: no passive effects
@: about to teleport
A: sickness immunity, AC +4, negative energy resistance 1, electricity
resistance, torment resistance 1, petrification resistance
a: no special abilities


You were on level 4 of the Dungeon.
You visited 1 branch of the dungeon, and saw 4 of its levels.

You collected 125 gold pieces.


Innate Abilities, Weirdness & Mutations

You are immune to sickness and miasma.
Your stone body is resilient. (AC +4)
You are immune to poison.
You resist negative energy. (rN+)
You are resistant to electric shocks. (rElec)
You are resistant to unholy torment.
You are immune to petrification.


   Skills:
 + Level 2.7 Fighting
 - Level 10.9 Ranged Weapons
 - Level 1.4 Armour
 - Level 1.5 Dodging
 - Level 1.0 Spellcasting
 - Level 2.6 Hexes


You had 5 spell levels left.
You knew the following spells:

 Your Spells              Type           Power      Damage    Failure   Level
a - Slow                  Hex            32%        N/A       21%         1

Your spell library contained the following spells:

 Spells                   Type           Power      Damage    Failure   Level
 Inner Flame              Hex/Fire       4%         N/A       71%         3
 Portal Projectile        Hex/Tloc       8%         N/A       71%         3
 Cause Fear               Hex            4%         N/A       90%         4

Inventory:

Hand Weapons
 Y - a +1 sling (weapon)
Armour
 e - a +0 ring mail (worn)
 f - a +0 cloak (worn)
Scrolls
 a - a scroll of identify
Potions
 h - a potion of cancellation {unknown}

Dungeon Overview and Level Annotations

Branches:
Dungeon (4/15)
 Temple: D:4-7

Altars:

Annotations:
D:4 Eustachio


Message History

You shoot a sling bullet.
The sling bullet closely misses the river rat.
The sling bullet barely misses Eustachio.
The endoplasm freezes you.
You are frozen.
The rat completely misses you.
The river rat bites you but does no damage.
You shoot a sling bullet.
The sling bullet hits the river rat but does no damage.
The river rat is moderately wounded.
The endoplasm barely misses you. The rat barely misses you.
The river rat bites you but does no damage.
You shoot a sling bullet.
The sling bullet barely misses Eustachio.
The endoplasm freezes you.
You are frozen.
Eustachio screams, "At last I'll have my revenge!"
Eustachio misses you.
The river rat bites you but does no damage.
The rat barely misses you.
You shoot a sling bullet. The sling bullet misses Eustachio.
The endoplasm barely misses you. Eustachio barely misses you.
The rat barely misses you.
The river rat bites you but does no damage.
You shoot a sling bullet.
The sling bullet completely misses Eustachio.
The endoplasm freezes you.
You are frozen.
Eustachio mumbles some strange words.
The river rat bites you. The rat misses you.
2369 ||| READING scroll of teleportation.
As you read the scroll of teleportation, it crumbles to dust.
You feel strangely unstable.
The endoplasm hits you but does no damage.
Eustachio hits you but does no damage. The rat bites you but does no damage.
The river rat closely misses you.
You shoot a sling bullet. The sling bullet hits Eustachio.
Eustachio is moderately wounded.
The endoplasm freezes you.
You are frozen.
Eustachio hits you with a +0 falchion.
You die...

...... ......
..... ....
#..
##..#########
+..Jr<.......
#.gr@........
#.5@.........
#######...##.
...# ...# ..+
[.#


You could see Eustachio, a river rat (summoned), a shadow imp (summoned), an
endoplasm, a goblin and a rat (summoned).

Vanquished Creatures
  3 adders
  11 ball pythons
  5 endoplasms
  A giant cockroach (D:1)
  A goblin (D:1)
  4 hobgoblins
  4 jackals
  5 kobolds
  5 quokkas
  4 bats
  4 frilled lizards
  5 rats
52 creatures vanquished.

Notes
Turn   | Place    | Note
-------+----------+-------------------------------------------
     0 | D:1      | qw the Gargoyle Hexslinger began the quest for the Orb.
     0 | D:1      | Reached XP level 1. HP: 12/12 MP: 2/2
     0 | D:1      | 0 ||| qw: Version: 0.3-a-52-g30416fa
     0 | D:1      | 0 ||| qw: Game counter: 5922
     0 | D:1      | 0 ||| qw: Melee chars always use a shield: true
     0 | D:1      | 0 ||| qw: God list: Okawaru
     0 | D:1      | 0 ||| qw: Allow faded altars: false
     0 | D:1      | 0 ||| qw: Do Orc after clearing Dungeon:15 true
     0 | D:1      | 0 ||| qw: Do second Lair branch before Depths: true
     0 | D:1      | 0 ||| qw: Lair rune preference: random
     0 | D:1      | 0 ||| qw: Goals: Normal
     0 | D:1      | 0 ||| PLANNING D:1-11
   334 | D:1      | Reached XP level 2. HP: 16/16 MP: 3/3
   494 | D:1      | Reached skill level 3 in Ranged Weapons
   525 | D:1      | Found a faded altar of an unknown god.
   903 | D:1      | 903 ||| UPGRADING to +0 ring mail.
   913 | D:1      | 913 ||| DROPPING +0 robe.
   914 | D:1      | 914 ||| UPGRADING to +0 cloak.
   919 | D:1      | 919 ||| READING 4 scrolls labelled HAX HEIGGOMU.
   920 | D:1      | 920 ||| READING scroll labelled GOAVVO EGEMN.
   923 | D:1      | 923 ||| READING scroll labelled OVIUNK PAMUOTOSTIA.
   937 | D:1      | 937 ||| READING 3 scrolls of identify.
   937 | D:1      | 937 ||| IDENTIFYING orange potion
   938 | D:1      | 938 ||| DROPPING scroll of poison.
   939 | D:1      | 939 ||| DROPPING potion of lignification.
  1076 | D:2      | Reached XP level 3. HP: 22/22 MP: 4/4
  1554 | D:2      | Reached skill level 1 in Armour
  1669 | D:2      | 1669 ||| READING scroll labelled CORUQI OGEIS.
  1670 | D:2      | 1670 ||| READING scroll labelled AWOOBL PAUBRUO.
  1771 | D:2      | 1771 ||| READING 2 scrolls of identify.
  1771 | D:2      | 1771 ||| IDENTIFYING inky potion
  1772 | D:2      | 1772 ||| DRINKING potion of experience.
  1772 | D:2      | Reached skill level 10 in Ranged Weapons
  1772 | D:2      | Reached XP level 4. HP: 27/27 MP: 5/5
  1806 | D:3      | Reached XP level 5. HP: 31/31 MP: 6/6
  2310 | D:3      | 2310 ||| READING scroll labelled XAN QYVAPUMAUX.
  2311 | D:3      | 2311 ||| READING 2 scrolls of identify.
  2311 | D:3      | 2311 ||| IDENTIFYING brown potion
  2312 | D:3      | 2312 ||| DROPPING potion of attraction.
  2348 | D:4      | Noticed Eustachio
  2368 | D:4      | HP: 5/31 [frozen (4)]
  2369 | D:4      | 2369 ||| READING scroll of teleportation.
  2370 | D:4      | HP: 2/31 [frozen (1)]
  2370 | D:4      | Slain by Eustachio

Levels and vault maps discovered:
D:1:      dpeg_arrival_circle_labyrinth_a, layout_loops_ring,
          hellmonk_ecumenical_altar_lost_god, chequers_serial_rivers_micro_d,
          glass_columns_a
D:2:      layout_loops_ring
D:3:      layout_loops_ring, minmay_misc_feat_cross, minmay_shallow_snake_nest
D:4:      layout_gridville, minmay_ruptured, uniq_eustachio, uniq_grinder,
          uniq_duvessa

Skill      XL: |  1  2  3 |
---------------+----------+-----
Ranged Weapons | 3 10 | 10.9
Fighting       | 2 |  2.7
Armour         | 1 |  1.4
Dodging        | |  1.5
Spellcasting   | |  1.0
Hexes          | |  2.6

Action                     |  1- 3 |  4- 6 || total
---------------------------+-------+-------++-------
   Fire: Sling             |   111 |    66 ||   177
    Use: Scroll            |     7 |     3 ||    10
         Potion            |     1 |       ||     1
 Armour: Robe              |    21 |       ||    21
         Ring mail         |    16 |    15 ||    31
  Dodge: Dodged            |    56 |    27 ||    83

Table legend:
 A = Non-vault XP
 B = Vault XP
 C = Vault XP percentage of total XP
 D = Non-vault monster count
 E = Vault monster count
 F = Vault count percentage of total count
                 A         B        C        D         E       F
            +---------+---------+-------+---------+---------+-------
      Total |     100 |      18 |  15.3 |      47 |       5 |   9.6
            +---------+---------+-------+---------+---------+-------
        D:1 |      28 |       0 |   0.0 |      17 |       0 |   0.0
        D:2 |      46 |       0 |   0.0 |      15 |       0 |   0.0
        D:3 |      26 |      18 |  40.9 |      15 |       5 |  25.0
            +---------+---------+-------+---------+---------+-------
